 Dungeon Crawl Stone Soup version 0.30-a0-305-g026cb31310 (webtiles) character file.

Game seed: 658451699510920309

3328 Trogtastic the Thaumaturge (level 9, -2/43 (45) HPs)
             Began as a Deep Elf Earth Elementalist on Sept 23, 2022.
             Was a Believer of Vehumet.
             Slain by a wight
             ... wielding a +4 war axe
              (5 damage)
             ... on level 8 of the Dungeon on Oct 21, 2022.
             The game lasted 00:17:54 (6916 turns).

Trogtastic the Thaumaturge (DEEE)                   Turns: 6916, Time: 00:17:55

HP:   -2/43 (45)    AC: 10    Str:  5    XL:     9   Next: 71%
MP:   12/27         EV: 11    Int: 31    God:    Vehumet [**....]
Gold: 455           SH:  0    Dex: 15    Spells: 21/32 levels left

rFire   . . .      SeeInvis .    q - +6 war axe "Giantbane" {pain, rElec rPois}
rCold   . . .      Faith    .    (no shield)
rNeg    . . .      Spirit   .    B - +3 leather armour
rPois   +          Reflect  .    l - +0 helmet
rElec   +          Harm     .    (no cloak)
rCorr   .          Rampage  .    (no gloves)
Will    .....                    v - +2 pair of boots
Stlth   ++........               (no amulet)
HPRegen 0.27/turn                u - +6 ring of intelligence
MPRegen 0.20/turn                w - ring of flight

@: flying, lightly drained
A: no striking features
a: Renounce Religion


You were on level 8 of the Dungeon.
You worshipped Vehumet.
Vehumet was pleased with you.
You visited 2 branches of the dungeon, and saw 9 of its levels.

You collected 455 gold pieces.

Inventory:

Hand Weapons
 k - the +8 mace of the Blessed Realm {pain, rElec rF+++ rC-}
   (You found it on level 3 of the Dungeon)

   In the hands of one skilled in necromantic magic, it inflicts extra damage on
   living creatures.
   rF:        It renders you almost immune to fire.
   rC:        It makes you vulnerable to cold.
   rElec:     It insulates you from electricity.
 q - the +6 war axe "Giantbane" (weapon) {pain, rElec rPois}
   (You found it on level 3 of the Dungeon)

   In the hands of one skilled in necromantic magic, it inflicts extra damage on
   living creatures.
   rElec:     It insulates you from electricity.
   rPois:     It protects you from poison.
Armour
 l - a +0 helmet (worn)
 v - a +2 pair of boots (worn)
 B - a +3 leather armour (worn)
Magical Staves
 C - a staff of fire
Jewellery
 u - a +6 ring of intelligence (left hand)
 w - a ring of flight (right hand)
Scrolls
 a - 5 scrolls of identify
 d - 5 scrolls of vulnerability
 e - a scroll of enchant weapon
 f - 4 scrolls of enchant armour
 g - 5 scrolls of teleportation
 i - 2 scrolls of silence
 m - 3 scrolls of fear
 o - 2 scrolls of blinking {unknown}
 s - a scroll of brand weapon {unknown}
 x - a scroll of magic mapping {unknown}
 y - a scroll of butterflies {unknown}
 A - 2 scrolls of noise {unknown}
Potions
 b - 2 potions of magic
 c - a potion of brilliance {unknown}
 h - 2 potions of heal wounds
 j - 2 potions of might {unknown}
 n - a potion of mutation {unknown}
 p - a potion of berserk rage {unknown}
 r - 2 potions of attraction {unknown}
 t - 2 potions of curing
 z - a potion of lignification {unknown}


   Skills:
 - Level 2.4 Dodging
 - Level 2.4 Stealth
 + Level 12.4 Spellcasting
 * Level 4.3 Conjurations
 - Level 1.1 Transmutations
 + Level 10.7 Earth Magic


You had 21 spell levels left.
You knew the following spells:

 Your Spells              Type           Power      Damage    Failure   Level
a - Sandblast             Erth           100%       2d20      1%          1
b - Passwall              Tmut/Erth      45%        N/A       1%          2
c - Stone Arrow           Conj/Erth      100%       3d13      1%          3
d - Irradiate             Conj/Tmut      18%        3d17      36%         5

Your spell library contained the following spells:

 Spells                   Type           Power      Damage    Failure   Level
 Searing Ray              Conj           92%        2d7       1%          2
 Magic Dart               Conj           100%       1d8       1%          1
 Beastly Appendage        Tmut           52%        N/A       2%          1
 Petrify                  Tmut/Erth      54%        N/A       3%          4
 Apportation              Tloc           38%        N/A       4%          1
 Necrotise                Necr           76%        1d7       4%          1
 Summon Small Mammal      Summ           76%        N/A       4%          1
 Wereblood                Tmut           26%        N/A       4%          2
 Call Imp                 Summ           19%        N/A       6%          2
 Mephitic Cloud           Conj/Pois/Air  28%        N/A       7%          3
 Spider Form              Tmut/Pois      22%        N/A       11%         3
 Vampiric Draining        Necr           19%        2d7       13%         3
 Blade Hands              Tmut           13%        N/A       58%         5
 Agony                    Necr           19%        N/A       75%         5
 Summon Forest            Summ/Tloc      9%         N/A       75%         5
 Eringya's Noxious Bog    Tmut/Pois      11%        N/A       99%         6
 Dragon Form              Tmut           13%        N/A       100%        7
 Summon Hydra             Summ           9%         N/A       100%        7


Dungeon Overview and Level Annotations

Branches:
Dungeon (8/15)             Temple (1/1) D:5
   Lair: D:8-11

Altars:
Ashenzari
Cheibriados
Dithmenos
Elyvilon
Fedhas
Kikubaaqudgha
Ru
Vehumet
Xom
Yredelemnul

Annotations:
D:2 Robin
D:7 1 runed translucent door, jimonade's ghost, novice OgGl


Message History

Press: ? - help, Shift-Dir - straight line, f/p - wight
Aim: a wight, wielding a +3 long sword and wearing a +0 robe (moderately damaged, 78% to hit)
The stone arrow hits the wight!
The wight is almost destroyed.
The wight barely misses you. x2
Casting: Stone Arrow (safe; 1% risk of failure)
Confirm with . or Enter, or press ? or * to list all spells.
Aiming: Stone Arrow (safe; 1% risk of failure)
Press: ? - help, Shift-Dir - straight line, f/p - wight
Aim: a wight, wielding a +3 long sword and wearing a +0 robe (almost destroyed, 78% to hit)
The stone arrow hits the wight!!
You destroy the wight!
Vehumet accepts your kill.
You feel your power returning. The wight hits you with a +4 war axe.
Casting: Stone Arrow (safe; 1% risk of failure)
Confirm with . or Enter, or press ? or * to list all spells.
Aiming: Sandblast (safe; 1% risk of failure)
Press: ? - help, Shift-Dir - straight line, f - wight
Aim: a wight, wielding a +4 war axe and wearing a +0 robe (85% to hit)
The blast of sand hits the wight!
The wight is almost destroyed.
The wight hits you with a +4 war axe.
Casting: Sandblast (safe; 1% risk of failure)
Confirm with . or Enter, or press ? or * to list all spells.
Aiming: Stone Arrow (safe; 1% risk of failure)
Press: ? - help, Shift-Dir - straight line, f/p - wight
Aim: a wight, wielding a +4 war axe and wearing a +0 robe (almost destroyed, 78% to hit)
The stone arrow misses the wight.
The wight hits you with a +4 war axe!
* * * LOW HITPOINT WARNING * * *
You feel drained.
* * * LOW HITPOINT WARNING * * *
Casting: Stone Arrow (safe; 1% risk of failure)
Confirm with . or Enter, or press ? or * to list all spells.
Aiming: Sandblast (safe; 1% risk of failure)
Press: ? - help, Shift-Dir - straight line, f/p - wight
Aim: a wight, wielding a +4 war axe and wearing a +0 robe (almost destroyed, 85% to hit)
The blast of sand hits the wight but does no damage.
The wight is almost destroyed.
The wight hits you with a +4 war axe.
You die...

........##
#..#####.........
..##.....###.###.......†.#
#.#####..##...........##
#.# ##.....#.........# #.#
##....#.........# #.#
#...##.........# #.#
##..##.........#
..########..##.>.......#
................@.)...##
......#####....z)......#
...>..# ..............#
#####...........)..!...#
.....#............# ...
#............# ..
#...#.......##
######.!...##


You could see a wight.

Vanquished Creatures
  2 wyverns (D:7)
  2 black bears
  2 sky beasts
  4 ice beasts
  An ogre (D:5)
  2 centaurs
  A phantom (D:7)
  2 necrophages
  2 bullfrogs (D:6)
  6 scorpions
  4 wights (D:8)
  6 killer bees (D:7)
  2 howler monkeys (D:7)
  2 jellies
  A gnoll bouda (D:7)
  7 hounds
  5 orc priests
  3 iguanas (D:5)
  4 orc wizards
  7 adders
  2 shadow imps (D:7)
  A white imp (D:7)
  A worm (D:3)
  A dart slug (D:1)
  22 orcs
  2 bats
  7 endoplasms
  4 giant cockroaches
  13 goblins
  7 hobgoblins
  3 jackals
  3 quokkas
  7 ball pythons
  2 frilled lizards (D:3)
  6 kobolds
  5 rats
151 creatures vanquished.

Notes
Turn   | Place    | Note
-------+----------+-------------------------------------------
     0 | D:1      | Trogtastic the Deep Elf Earth Elementalist began the quest
                  | for the Orb.
     0 | D:1      | Reached XP level 1. HP: 10/10 MP: 6/6
   137 | D:1      | Reached XP level 2. HP: 15/15 MP: 6/8
   310 | D:1      | Found a faded altar of an unknown god.
   757 | D:1      | Reached skill level 4 in Spellcasting
   874 | D:1      | Reached XP level 3. HP: 19/19 MP: 7/10
   877 | D:1      | Learned a level 2 spell: Passwall
   881 | D:1      | Learned a level 3 spell: Stone Arrow
  1366 | D:2      | Noticed Robin
  1709 | D:3      | Reached XP level 4. HP: 23/24 MP: 10/12
  1730 | D:3      | Identified the +6 war axe "Giantbane" {pain, rElec rPois}
  1738 | D:3      | Identified the +8 mace of the Blessed Realm {pain, rElec
                  | rF+++ rC-}
  1880 | D:3      | Reached skill level 5 in Spellcasting
  2364 | D:4      | Noticed a scorpion
  2369 | D:4      | Killed a scorpion
  2370 | D:4      | Reached skill level 5 in Earth Magic
  2370 | D:4      | Reached XP level 5. HP: 28/28 MP: 6/15
  2477 | D:4      | Reached skill level 6 in Spellcasting
  2521 | D:4      | Noticed an ice beast
  2528 | D:4      | Killed an ice beast
  2529 | D:4      | Reached XP level 6. HP: 32/32 MP: 8/17
  2637 | D:4      | Noticed an orc warrior
  2643 | D:4      | Noticed an ice beast
  2842 | D:5      | Entered Level 5 of the Dungeon
  2847 | D:5      | Reached skill level 7 in Spellcasting
  2953 | D:5      | Reached XP level 7. HP: 36/36 MP: 13/20
  3094 | D:5      | Found a staircase to the Ecumenical Temple.
  3109 | Temple   | Entered the Ecumenical Temple
  3176 | Temple   | Became a worshipper of Vehumet
  3211 | D:5      | Reached skill level 8 in Spellcasting
  3665 | D:5      | Reached skill level 9 in Spellcasting
  3736 | D:5      | Reached XP level 8. HP: 41/41 MP: 21/23
  4422 | D:6      | Reached skill level 10 in Spellcasting
  4610 | D:6      | Found a snail-covered altar of Cheibriados.
  4729 | D:6      | Reached * piety under Vehumet
  4729 | D:6      | Offered knowledge of Freeze by Vehumet.
  5286 | D:6      | Reached skill level 11 in Spellcasting
  5815 | D:7      | Reached XP level 9. HP: 45/45 MP: 19/26
  5839 | D:7      | Reached skill level 10 in Earth Magic
  6243 | D:7      | Upgraded the game from 0.30-a0-137-gd8773701ce to
                  | 0.30-a0-305-g026cb31310
  6249 | D:7      | Learned a level 5 spell: Irradiate
  6292 | D:7      | Reached skill level 1 in Conjurations
  6315 | D:7      | Reached skill level 12 in Spellcasting
  6558 | D:7      | Found a runed translucent door.
  6591 | D:7      | Noticed jimonade's ghost (novice OgGl)
  6876 | D:8      | Reached ** piety under Vehumet
  6876 | D:8      | Offered knowledge of Searing Ray by Vehumet.
  6915 | D:8      | HP: 2/43 [wight/+4 war axe (6)]
  6916 | D:8      | Slain by a wight

Illustrated notes

Levels and vault maps discovered:
D:1:      matt_arrival_spirals, layout_basic,
          chequers_ecumenical_altar_simple_redux
D:2:      layout_rooms, uniq_robin, uniq_terence, uniq_natasha
D:3:      layout_basic, minmay_joined_circles
D:4:      layout_cave_pools, grunt_decor_cap
D:5:      layout_basic, minmay_temple_entry_stoned_glass, minmay_pentangle
D:6:      minmay_klotski, layout_basic, mainiacjoe_overflow_tiny_flanked
D:7:      minmay_s_stair_smasher, layout_basic, gammafunk_ghost_grave
D:8:      layout_rooms, grunt_tough_drop
Temple:   chequers_temple_sunken

Skill      XL: |  1  2  3  4  5  6  7  8  9 |
---------------+----------------------------+-----
Earth Magic    | 4 5 6 7 9 10 | 10.7
Spellcasting   | 4 5 6 7 9 11 12 | 12.4
Conjurations   | 4 |  4.3
Dodging        | |  2.4
Stealth        | |  2.4
Transmutations | |  1.1

Action                   |  1- 3 |  4- 6 |  7- 9 || total
-------------------------+-------+-------+-------++-------
Melee: Unarmed           |     1 |       |       ||     1
       Whip              |     3 |       |       ||     3
       Punch             |     1 |       |       ||     1
       War axe           |       |    25 |     1 ||    26
 Cast: Sandblast         |    55 |    30 |    98 ||   183
       Stone Arrow       |       |     9 |    41 ||    50
  Use: Scroll            |       |       |     9 ||     9
 Stab: Distracted        |       |     1 |       ||     1
Armor: Robe              |     7 |     8 |     7 ||    22
       Leather armour    |       |       |    33 ||    33
Dodge: Dodged            |    14 |    28 |    61 ||   103

Table legend: (Time is in decaauts)
 A = Elapsed time spent in this place.
 B = Non-inter-level travel time spent in this place.
 C = Inter-level travel time spent in this place.
 D = Time resting spent in this place.
 E = Time spent auto-exploring this place.
 F = Levels seen in this place.
 G = Mean time per level.
                   A        B        C        D        E       F      G
               +--------+--------+--------+--------+--------+-----+--------+
         Total |   7023 |   6662 |    361 |    451 |   5144 |   9 |  780.3 |
       Dungeon |   6938 |   6595 |    343 |    451 |   5087 |   8 |  867.2 |
        Temple |     84 |     66 |     18 |      0 |     57 |   1 |   84.0 |
               +--------+--------+--------+--------+--------+-----+--------+

Top non-repeatable levels by time:
     D:5: 1377 daAuts
     D:7: 1343 daAuts
     D:6: 1222 daAuts
     D:1: 1115 daAuts
     D:3: 1041 daAuts
     D:4: 450 daAuts
     D:2: 287 daAuts
     D:8: 100 daAuts
  Temple: 84 daAuts
